 Dungeon Crawl Stone Soup version 0.21.1-1-g345015fe64 (webtiles) character file.

449 Foic the Cudgeler (level 6, -1/61 HPs)
             Began as a Troll Fighter on June 10, 2018.
             Was an Initiate of Makhleb.
             Slain by Ikesh's ghost (2 damage)
             ... on level 4 of the Dungeon.
             The game lasted 00:25:05 (3881 turns).

Foic the Cudgeler (Troll Fighter)                   Turns: 3881, Time: 00:25:05

Health: -1/61      AC:  5    Str: 26    XL:     6   Next: 74%
Magic:  5/5        EV:  9    Int:  4    God:    Makhleb [......]
Gold:   227        SH:  9    Dex: 10    Spells: 5/5 levels left

rFire    . . .     SeeInvis .   r - +0 flail (protect)
rCold    . . .     Gourm    +   c - +0 shield
rNeg     . . .     Faith    .   q - +0 animal skin
rPois    .         Spirit   .   (helmet restricted)
rElec    .         Reflect  .   (no cloak)
rCorr    .         Harm     .   (gloves unavailable)
MR       .....                  (boots unavailable)
Stlth    +.........             (no amulet)
HPRegen  0.60/turn              (no ring)
MPRegen  0.09/turn              (no ring)

@: no status effects
A: large, unfitting armour, claws 3, fast metabolism 3, gourmand, regeneration
1, shaggy fur 1, tough skin 2
a: Renounce Religion


You were on level 4 of the Dungeon.
You worshipped Makhleb.
Makhleb was noncommittal.
You were not hungry.

You visited 2 branches of the dungeon, and saw 5 of its levels.

You collected 227 gold pieces.

Inventory:

Hand Weapons
 a - a +0 flail
 r - a +0 flail of protection (weapon)
 t - a cursed -1 war axe
 w - a +3 flail
 y - a +2 flail of distortion
Missiles
 e - 4 large rocks
 h - 148 stones (quivered)
Armour
 b - a +0 robe
 c - a +0 shield (worn)
 q - a +0 animal skin (worn)
Wands
 u - a wand of polymorph (19)
Scrolls
 g - 2 scrolls of remove curse {unknown}
 i - a scroll of enchant weapon {unknown}
 j - 2 scrolls of magic mapping {unknown}
 k - 5 scrolls of identify {unknown}
 l - 2 scrolls of random uselessness {unknown}
 n - 4 scrolls of teleportation {unknown}
 p - 2 scrolls of amnesia {unknown}
 s - a scroll of enchant armour {unknown}
Potions
 d - a potion of might
 m - 2 potions of degeneration {unknown}
 o - a potion of berserk rage {unknown}
 v - 2 potions of lignification {unknown}
 x - a potion of curing
Comestibles
 f - 8 rations


   Skills:
 + Level 3.3 Fighting
 + Level 3.9 Maces & Flails
 + Level 1.4 Throwing
 + Level 3.5 Dodging
 + Level 0.3 Stealth
 + Level 3.6 Shields


You had 5 spell levels left.
You didn't know any spells.

Dungeon Overview and Level Annotations

Branches:
Dungeon (4/15)             Temple (1/1) D:4

Altars:
Ashenzari
Cheibriados
Dithmenos
Fedhas
Gozag
Kikubaaqudgha
Makhleb
Nemelex Xobeh
Qazlal
Ru
Sif Muna
Vehumet
Wu Jian
Xom
Zin

Annotations:
D:4 Ikesh's ghost, novice DDFi; Sigmund


Innate Abilities, Weirdness & Mutations

You are too large for most types of armour.
You have claws for hands.
Your metabolism is lightning-fast.
You like to eat raw meat.
Your natural rate of healing is unusually fast.
You are covered in fur. (AC +1)
You have very tough skin. (AC +2)


Message History

Something hits you but does no damage. Ikesh's ghost barely misses you.
You closely miss Ikesh's ghost.
Ikesh's ghost is moderately damaged.
Something hits you but does no damage. Ikesh's ghost hits you.
Something hits you but does no damage. Ikesh's ghost hits you!
You writhe in agony.
Ikesh's ghost closely misses you. Something hits you. Ikesh's ghost hits you.
You writhe in agony.
Ikesh's ghost hits you.
You writhe in agony.
* * * LOW HITPOINT WARNING * * *
You bump into the rock wall.
Something hits you.
* * * LOW HITPOINT WARNING * * *
Ikesh's ghost hits you!
* * * LOW HITPOINT WARNING * * *
You writhe in agony.
* * * LOW HITPOINT WARNING * * *
You feel better. Ikesh's ghost hits you!
* * * LOW HITPOINT WARNING * * *
You writhe in agony.
You die...

#. ########### #.
#.........# #. #.##...##.#
#. #.##...##.# #.
#.........#######. #
#.W<..........[.#. ###
#######@........#####...
..########...............#
#...
#.......##....#.#.....####
##..
#######.##...#.#.#...##
##. #.......#.#.#.#..# #.
#.#.#.#).#.>.#...# #.
#.#.#.#.#.#.#.#..#### #' #
#.#.#..#.#.#......# ..
#.#.#...#.#...###.# ...


You could see Ikesh's ghost.

Vanquished Creatures
  Edmund (D:4)
  An ice beast (D:1)
  An orc priest (D:3)
  An orc wizard (D:3)
  Robin (D:2)
  6 adders
  4 worms
  2 dart slugs
  2 leopard geckos
  9 orcs
  7 giant cockroaches
  20 goblins
  7 hobgoblins
  6 jackals
  8 kobolds
  A ball python (D:1)
  8 bats
  5 frilled lizards
  4 rats
94 creatures vanquished.

Notes
Turn   | Place    | Note
-------+----------+-------------------------------------------
     0 | D:1      | Foic the Troll Fighter began the quest for the Orb.
     0 | D:1      | Reached XP level 1. HP: 22/22 MP: 0/0
   141 | D:1      | Reached XP level 2. HP: 27/29 MP: 1/1
   712 | D:1      | Reached XP level 3. HP: 36/36 MP: 2/2
  1066 | D:2      | Noticed Robin
  1283 | D:2      | Noticed an ice beast
  1386 | D:1      | Killed an ice beast
  1386 | D:1      | Reached XP level 4. HP: 18/45 MP: 3/3
  1386 | D:1      | Reached XP level 5. HP: 21/53 MP: 4/4
  1701 | D:2      | Killed Robin
  2115 | D:3      | HP: 1/53 [orc priest (2)]
  2123 | D:3      | Reached XP level 6. HP: 4/61 MP: 5/5
  3245 | D:4      | Found a staircase to the Ecumenical Temple.
  3255 | D:4      | Reached skill level 1 in Throwing
  3443 | Temple   | Entered the Ecumenical Temple
  3556 | Temple   | Became a worshipper of Makhleb the Destroyer
  3709 | D:4      | Noticed Edmund
  3742 | D:4      | Killed Edmund
  3754 | D:4      | Noticed Sigmund
  3777 | D:4      | Noticed Ikesh's ghost (novice DDFi)
  3880 | D:4      | HP: 2/61 [Ikesh's ghost (4)]
  3881 | D:4      | Slain by Ikesh's ghost

Skill      XL: |  1  2  3  4  5  6 |
---------------+-------------------+-----
Maces & Flails | 2 3 |  3.9
Fighting       | 3 |  3.3
Dodging        | 3 |  3.5
Shields        | 3 |  3.6
Throwing       | 1 |  1.4
Stealth        | |  0.3

Action                   |  1- 3 |  4- 6 || total
-------------------------+-------+-------++-------
Melee: Flail             |   141 |   263 ||   404
Throw: Stone             |    31 |    41 ||    72
  Use: Potion            |     1 |     1 ||     2
 Stab: Sleeping          |       |     1 ||     1
  Eat: Chunk             |    18 |    20 ||    38
Armor: Robe              |    65 |     5 ||    70
       Animal skin       |       |    76 ||    76
Dodge: Dodged            |    65 |    90 ||   155
Block: Shield            |    69 |   127 ||   196
